AoeStats
← Ts_Boing

Lombardia

510131611Analyzed
2v2 RM · 2d ago on Sep 29, 2026· 79m 19s· 4 players
Game mode
Random Map
Map size
Medium (4 player)
Population
200
Speed
Normal
Resources
Standard
Victory
Conquest
Starting age
Dark Age
Ending age
Imperial Age
RankedLock teamsTeams togetherTeam positionsShared explorationLock speedFull tech treeHidden civsTurbo modeCheats
Victory
Defeat
🇷🇺 Magyars · Russia
1206
+16
🇷🇺 Italians · Russia
1167
+18
🇪🇸 Georgians · Spain
1215
-17
🇪🇸 Maya · Spain
1214
-17
Vl
3:09 Loom
10:23 Feudal Age
11:11 Double-Bit Axe
12:12 Wheelbarrow
11:23 Town Watch
11:39 Horse Collar
19:41 Castle Age
18:09 Padded Archer Armor
18:16 Fletching
21:03 Bow Saw
21:10 Heavy Plow
21:59 Pikeman
22:29 Crossbowman
25:23 Stone Mining
26:20 Bodkin Arrow
28:11 Town Patrol
37:59 Imperial Age
36:29 Hand Cart
36:43 Leather Archer Armor
39:44 Chemistry
39:05 Ballistics
38:46 Bracer
40:36 Arrowslits
40:47 Murder Holes
41:03 Masonry
42:24 Thumb Ring
41:39 Arbalester
48:43 Ring Archer Armor
52:59 Caravan
53:27 Silk Road
56:39 Elite Skirmisher
57:10 Elite Genoese Crossbowman
65:27 Hoardings
66:56 Architecture
66:11 Treadmill Crane
jileh9
0:40 Loom
10:01 Feudal Age
10:30 Double-Bit Axe
21:12 Castle Age
19:42 Gold Mining
21:41 Bloodlines
22:26 Husbandry
23:24 Horse Collar
26:01 Town Watch
30:35 Scale Barding Armor
32:05 Corvinian Army
33:16 Fletching
34:09 Wheelbarrow
33:56 Light Cavalry
35:34 Hand Cart
41:35 Imperial Age
41:06 Pikeman
44:46 Heavy Scorpion
44:58 Cavalier
50:41 Chain Barding Armor
50:33 Paladin
52:20 Bodkin Arrow
53:06 Plate Barding Armor
54:14 Bracer
54:18 Stone Mining
55:05 Gold Shaft Mining
55:17 Hussar
57:46 Elite Magyar Huszar
58:53 Conscription
59:38 Scale Mail Armor
59:38 Padded Archer Armor
64:31 Hoardings
64:50 Onager
67:19 Caravan
73:36 Chemistry
72:20 Treadmill Crane
Ts_Boing
7:46 Loom
9:31 Feudal Age
10:25 Double-Bit Axe
15:23 Town Watch
22:23 Gold Mining
23:11 Bloodlines
25:44 Castle Age
24:47 Wheelbarrow
24:28 Horse Collar
26:22 Bloodlines
27:10 Squires
28:04 Forging
28:00 Scale Barding Armor
27:22 Pikeman
29:09 Bow Saw
34:06 Iron Casting
37:02 Chain Barding Armor
47:59 Masonry
47:32 Treadmill Crane
50:31 Imperial Age
48:18 Hand Cart
50:58 Fletching
51:09 Padded Archer Armor
50:36 Elite Skirmisher
50:56 Light Cavalry
51:47 Husbandry
51:59 Heavy Plow
54:38 Blast Furnace
53:49 Hussar
55:06 Ballistics
55:01 Bodkin Arrow
59:00 Conscription
60:30 Plate Barding Armor
60:28 Stone Mining
61:43 Leather Archer Armor
62:03 Caravan
66:25 Guilds
67:52 Crop Rotation
69:19 Heavy Scorpion
74:17 Bracer
Barnie the polip
0:26 Loom
12:30 Feudal Age
15:10 Double-Bit Axe
18:30 Fletching
18:43 Stone Mining
18:43 Gold Mining
18:51 Gold Mining
20:25 Scale Mail Armor
22:05 Horse Collar
25:23 Castle Age
23:42 Padded Archer Armor
24:09 Arson
25:24 Crossbowman
25:32 Pikeman
26:13 Squires
26:14 Bodkin Arrow
26:55 Thumb Ring
28:11 Chain Mail Armor
29:31 Wheelbarrow
30:10 Leather Archer Armor
32:15 Heavy Plow
37:07 Masonry
38:09 Bow Saw
38:54 Ballistics
38:53 Murder Holes
42:13 Imperial Age
40:17 Hand Cart
39:47 Town Watch
41:49 Treadmill Crane
42:18 Capped Ram
43:38 Conscription
44:14 Elite Plumed Archer
46:23 Bracer
46:21 Siege Ram
47:36 Architecture
48:07 Chemistry
47:41 Ring Archer Armor
48:27 Hoardings
47:46 Arbalester
50:25 Fortified Wall
52:11 Two-Man Saw
51:15 Town Patrol
52:27 Holcans
51:20 Eagle Warrior
55:16 Stone Shaft Mining
56:06 Elite Eagle Warrior
56:57 Halberdier
58:14 Plate Mail Armor
57:55 Forging
59:27 Caravan
Connection lost

Rejoining the realm…

Still unreachable

The connection could not be restored.

Session expired

The server has moved on; the page needs a fresh start.